AoeStats
← 859

African Clearing

510514410Analyzed
4v4 RM · 2d ago on Oct 1, 2026· 29m 55s· 8 players
Game mode
Random Map
Map size
Large (8 player)
Population
200
Speed
Normal
Resources
Standard
Victory
Conquest
Starting age
Dark Age
Ending age
Imperial Age
RankedLock teamsTeams togetherTeam positionsShared explorationLock speedFull tech treeHidden civsTurbo modeCheats
Victory
Defeat
🇸🇪 Huns · Sweden
1352
+16
🇦🇹 Varangians · Austria
1324
+17
🇦🇹 Berbers · Austria
1314
+17
🇹🇷 Dravidians · Türkiye
1288
+19
🇨🇳 Cumans · China
1519
-24
🇨🇳 Franks · China
1304
-16
🇹🇼 Mongols · Taiwan
1300
-15
🇨🇳 Magyars · China
1266
-14
860
3:40 Loom
12:46 Feudal Age
16:49 Castle Age
14:59 Double-Bit Axe
15:23 Horse Collar
18:09 Wheelbarrow
18:03 Bow Saw
21:56 Town Watch
26:53 Hand Cart
26:35 Fletching
27:11 Bodkin Arrow
27:52 Gold Mining
28:55 Ballistics
28:39 Padded Archer Armor
托尼
6:52 Loom
14:05 Feudal Age
14:58 Double-Bit Axe
16:11 Horse Collar
16:35 Stone Mining
19:24 Castle Age
28:05 Fishing Lines
29:46 Fletching
30:04 Padded Archer Armor
859
3:16 Loom
14:43 Feudal Age
22:04 Castle Age
20:48 Double-Bit Axe
21:19 Scale Barding Armor
22:31 Wheelbarrow
22:47 Husbandry
25:31 Gambesons
No
12:25 Feudal Age
17:25 Loom
Stuve
7:13 Loom
13:49 Feudal Age
14:19 Double-Bit Axe
16:20 Forging
16:46 Horse Collar
22:39 Castle Age
20:59 Town Watch
22:41 Scale Mail Armor
23:44 Bow Saw
26:22 Pikeman
30:06 Wheelbarrow
29:33 Heavy Plow
HasNicktir
9:07 Loom
13:32 Feudal Age
PowerP
11:10 Loom
12:55 Feudal Age
17:08 Castle Age
16:13 Double-Bit Axe
18:40 Bloodlines
22:09 Scale Barding Armor
23:41 Wheelbarrow
28:35 Hand Cart
Future
7:17 Loom
14:50 Feudal Age
15:49 Double-Bit Axe
18:49 Castle Age
19:56 Bloodlines
19:50 Husbandry
20:00 Scale Barding Armor
21:23 Bow Saw
27:23 Forging
Connection lost

Rejoining the realm…

Still unreachable

The connection could not be restored.

Session expired

The server has moved on; the page needs a fresh start.